 Dungeon Crawl Stone Soup version 0.30-b1-2-g02819fbbbe (webtiles) character file.

Game seed: 15314417241413368170

368 Alarkh the Digger (level 6, -1/41 HPs)
             Began as a Demonspawn Earth Elementalist on May 30, 2023.
             Slain by a hornet (11 damage)
             ... on level 6 of the Dungeon.
             The game lasted 00:04:49 (2485 turns).

Alarkh the Digger (Demonspawn Earth Elementalist)   Turns: 2485, Time: 00:04:50

Health: -1/41      AC:  8    Str:  8    XL:     6   Next: 41%
Magic:  3/11       EV: 11    Int: 19    God:
Gold:   148        SH:  4    Dex: 19    Spells: 11/12 levels left

rFire   . . .        l - +1 dagger
rCold   . . .        (no shield)
rNeg    . . .        b - +3 ring mail
rPois   .            (helmet restricted)
rElec   .            (no cloak)
rCorr   .            (no gloves)
SInv    .            (no boots)
Will    .....        (no amulet)
Stlth   ++           n - +6 ring of dexterity
HPRegen 0.26/turn    (no ring)
MPRegen 0.12/turn

%: no passive effects
@: lethally poisoned (-1 -> -5), slowed, very slow
A: antennae 1, powered by death 1, sturdy frame 1, condensation shield
a: no special abilities


You were on level 6 of the Dungeon.
You visited 1 branch of the dungeon, and saw 6 of its levels.

You collected 148 gold pieces.

Inventory:

Hand Weapons
 l - a +1 dagger (weapon)
Missiles
 t - a throwing net
Armour
 a - a +0 robe
 b - a +3 ring mail (worn)
 i - a +0 helmet
 s - the +1 robe of Zin's Envy {rF+ rC+ Str-5 Dex+2}
   (You found it on level 7 of the Dungeon)

   Str:       It affects your strength (-5).
   Dex:       It affects your dexterity (+2).
   rF:        It protects you from fire.
   rC:        It protects you from cold.
Jewellery
 n - a +6 ring of dexterity (left hand)
Scrolls
 c - a scroll of poison {unknown}
 e - a scroll of enchant weapon
 f - a scroll of vulnerability {unknown}
 g - 4 scrolls of teleportation
 k - a scroll of silence {unknown}
 m - a scroll of immolation {unknown}
 p - a scroll of fear {unknown}
 r - a scroll of magic mapping {unknown}
Potions
 d - 3 potions of curing
 h - a potion of flight {unknown}
 j - a potion of invisibility
 o - a potion of resistance {unknown}
 q - a potion of might {unknown}


   Skills:
 - Level 1.7 Dodging
 - Level 1.7 Stealth
 + Level 3.9 Spellcasting
 - Level 0.8 Transmutations
 * Level 5.6 Earth Magic


You had 11 spell levels left.
You knew the following spells:

 Your Spells              Type           Power      Damage    Failure   Level
a - Sandblast             Erth           50%        2d12      2%          1

Your spell library contained the following spells:

 Spells                   Type           Power      Damage    Failure   Level
 Passwall                 Tmut/Erth      13%        N/A       10%         2
 Stone Arrow              Conj/Erth      28%        3d8       24%         3
 Shock                    Conj/Air       12%        1d3       26%         1
 Petrify                  Tmut/Erth      16%        N/A       54%         4
 Swiftness                Air            3%         N/A       58%         3
 Airstrike                Air            1%         2d(1-17)  94%         4


Dungeon Overview and Level Annotations

Branches:
Dungeon (7/15)
 Temple: D:4-7

Altars:
Fedhas
Qazlal

Shops:
D:2 =   D:7 :


Innate Abilities, Weirdness & Mutations

You have a pair of small antennae on your head.
You regenerate a little health from kills.
Your movements are slightly less encumbered by armour. (ER -2)
A meltable shield of frost defends you. (SH +4)


Message History

Casting: Sandblast (safe; 2% risk of failure)
Confirm with . or Enter, or press ? or * to list all spells.
Aiming: Sandblast (safe; 2% risk of failure)
Press: ? - help, Shift-Dir - straight line, f - hornet
Aim: a hornet (74% to hit)
The blast of sand hits the hornet.
The hornet is lightly wounded.
Casting: Sandblast (safe; 2% risk of failure)
Confirm with . or Enter, or press ? or * to list all spells.
Aiming: Sandblast (safe; 2% risk of failure)
Press: ? - help, Shift-Dir - straight line, f/p - hornet
Aim: a hornet (lightly wounded, 74% to hit)
The blast of sand hits the hornet!
The hornet is heavily wounded.
The hornet closely misses you. The hornet completely misses you.
Casting: Sandblast (safe; 2% risk of failure)
Confirm with . or Enter, or press ? or * to list all spells.
Aiming: Sandblast (safe; 2% risk of failure)
Press: ? - help, Shift-Dir - straight line, f/p - hornet
Aim: a hornet (heavily wounded, 74% to hit)
The blast of sand hits the hornet but does no damage.
The hornet is heavily wounded.
The hornet stings you.
You feel yourself slow down. The hornet stings you.
You are poisoned.
You suddenly lose the ability to move!
You feel very sick. The hornet stings you.
You feel as though you will be slow longer.
The hornet completely misses you.
You can move again.
Casting: Sandblast (safe; 2% risk of failure)
Confirm with . or Enter, or press ? or * to list all spells.
Aiming: Sandblast (safe; 2% risk of failure)
Press: ? - help, Shift-Dir - straight line, f/p - hornet
Aim: a hornet (moderately wounded, 74% to hit)
The blast of sand hits the hornet!
The hornet is almost dead.
You feel very sick. The hornet stings you!
You die...

...# ###...#...
#### #.>.....o.
#..####.........
#.....).........
##.......#......
##......#......
##......#..^.#
##@....#....#
#..y##......##
#.....# ###...
##..... ...
....... .
#...)#.##
#.##.#.. ..
.....


You could see a hornet.

Vanquished Creatures
  2 bullfrogs (D:7)
  An orc priest (D:6)
  3 orc wizards
  5 adders
  A shadow imp (D:7)
  A worm (D:2)
  3 dart slugs
  5 orcs
  5 bats
  6 endoplasms
  2 giant cockroaches
  6 goblins
  3 hobgoblins
  2 jackals (D:2)
  3 kobolds
  A quokka (D:3)
  11 ball pythons
  2 frilled lizards
  7 rats
69 creatures vanquished.

Vanquished Creatures (others)
  A hobgoblin (D:3)
  A plant (D:1)
2 creatures vanquished.

Grand Total: 71 creatures vanquished

Notes
Turn   | Place    | Note
-------+----------+-------------------------------------------
     0 | D:1      | Alarkh the Demonspawn Earth Elementalist began the quest
                  | for the Orb.
     0 | D:1      | Reached XP level 1. HP: 13/13 MP: 3/3
    99 | D:1      | Reached skill level 3 in Earth Magic
   206 | D:1      | Gained mutation: You regenerate a little health from kills.
                  | [demonic ancestry]
   206 | D:1      | Reached XP level 2. HP: 19/19 MP: 0/5
   856 | D:2      | Gained mutation: Your movements are slightly less
                  | encumbered by armour. (ER -2) [demonic ancestry]
   856 | D:2      | Reached XP level 3. HP: 22/24 MP: 4/6
  1304 | D:2      | Reached skill level 4 in Earth Magic
  1364 | D:2      | Gained mutation: You have a pair of small antennae on your
                  | head. [demonic ancestry]
  1364 | D:2      | Reached XP level 4. HP: 30/30 MP: 6/8
  1364 | D:2      | Found Wusienuj's Jewellery Shop.
  1623 | D:3      | Found a stormy altar of Qazlal.
  1981 | D:3      | Found a blossoming altar of Fedhas.
  2135 | D:3      | Reached XP level 5. HP: 35/35 MP: 6/9
  2308 | D:4      | You fall into a shaft and drop 3 floors!
  2312 | D:7      | Noticed a yak
  2312 | D:7      | Noticed a yak
  2313 | D:7      | Noticed a yak
  2326 | D:7      | Identified the +1 robe of Zin's Envy {rF+ rC+ Str-5 Dex+2}
  2377 | D:7      | Reached skill level 5 in Earth Magic
  2384 | D:7      | Gained mutation: A meltable shield of frost defends you.
                  | (SH +4) [demonic ancestry]
  2384 | D:7      | Reached XP level 6. HP: 19/41 MP: 6/11
  2437 | D:7      | Found Hiprergha's Book Shop.
  2479 | D:6      | Noticed a hornet
  2483 | D:6      | Paralysed by a hornet for 2 turns
  2485 | D:6      | Slain by a hornet

Illustrated notes

Levels and vault maps discovered:
D:1:      saegor_arrival_simple_b, layout_basic, serial_forest,
          infiniplex_forest_straight_5, infiniplex_forest_straight_1,
          infiniplex_forest_lined_room_2, infiniplex_forest_diagonal,
          infiniplex_forest_straight_1, infiniplex_forest_clump_C,
          infiniplex_forest_clump_tiny, infiniplex_forest_lined_ring,
          infiniplex_forest_lined_corner, dk_noncrumbling_2
D:2:      layout_rooms, serial_corexii_hall, chequers_hall_statues_corner_a,
          corexii_hall_statues_x, serial_shops, shop
D:3:      layout_basic, lemuel_doored_altar, mainiacjoe_overflow_cross_hatched,
          grunt_ministairs_11
D:4:      layout_loops_cross, marbit_many_paths, makhleb_blood_cavern_becter,
          uniq_blork_the_orc, uniq_menkaure
D:6:      layout_cave_pools, minmay_temple_entry_ruins, minivault_14,
          hangedman_decor_riveting
D:7:      layout_rooms, lemuel_blue_sif_altar, serial_shops,
          nicolae_book_shop_shelving

Skill      XL: |  1  2  3  4  5 |
---------------+----------------+-----
Earth Magic    | 3 4 5 |  5.6
Spellcasting   | 3 |  3.9
Dodging        | |  1.7
Stealth        | |  1.7
Transmutations | |  0.8

Action                     |  1- 3 |  4- 6 || total
---------------------------+-------+-------++-------
  Melee: Unarmed           |     3 |       ||     3
         Dagger            |     2 |     8 ||    10
   Cast: Sandblast         |    51 |    62 ||   113
    Use: Potion            |     2 |     1 ||     3
         Scroll            |     1 |     2 ||     3
 Armour: Robe              |     5 |       ||     5
         Ring mail         |     2 |    23 ||    25
  Dodge: Dodged            |    15 |    31 ||    46
  Block: Other             |       |     1 ||     1
